 Dungeon Crawl Stone Soup version 0.30.1-6-gbe392663c4 (webtiles) character file.

Game seed: 16395165119420946720

408 Ivernyr the Shield-Bearer (level 7, 0/55 HPs)
             Began as a Formicid Fighter on Sept 20, 2023.
             Slain by a kobold brigand
             ... wielding a +0 club
              (2 damage)
             ... in a sewer.
             The game lasted 00:06:41 (2805 turns).

Ivernyr the Shield-Bearer (Formicid Fighter)        Turns: 2805, Time: 00:06:42

Health: 0/55       AC:  7    Str: 22    XL:     7   Next: 13%
Magic:  7/7        EV:  9    Int:  8    God:
Gold:   217        SH:  5    Dex: 13    Spells: 6/6 levels left

rFire   . . .        a - +0 quarterstaff
rCold   . . .        c - +0 buckler
rNeg    . . .        b - +0 scale mail
rPois   .            (helmet unavailable)
rElec   .            (no cloak)
rCorr   .            (no gloves)
SInv    +            (no boots)
Will    .....        (no amulet) Stlth
                     (no ring)
HPRegen 0.29/turn    (no ring)
MPRegen 0.10/turn

%: no passive effects
@: brilliant
A: permanent stasis, dig shafts and tunnels, antennae 3, four strong arms
a: Dig


You were in a sewer.
You visited 1 branch of the dungeon, and saw 4 of its levels.
You also visited: Sewer.

You collected 217 gold pieces.

Inventory:

Hand Weapons
 a - a +0 quarterstaff (weapon)
Armour
 b - a +0 scale mail (worn)
 c - a +0 buckler (worn)
Scrolls
 f - 5 scrolls of identify {unknown}
 i - 2 scrolls of teleportation {unknown}
 k - a scroll of fog {unknown}
 l - 2 scrolls of immolation {unknown}
 m - a scroll of magic mapping {unknown}
 n - a scroll of butterflies {unknown}
 o - a scroll of blinking {unknown}
Potions
 d - a potion of might
 g - a potion of haste


   Skills:
 + Level 4.7 Fighting
 * Level 4.7 Staves
 + Level 4.6 Armour
 + Level 5.6 Shields


You had 6 spell levels left.
You didn't know any spells.
Your spell library was empty.

Dungeon Overview and Level Annotations

Branches:
Dungeon (4/15)              Sewer (1/1)
 Temple: D:4-7

Altars:
Fedhas
Ru
Vehumet


Innate Abilities, Weirdness & Mutations

You cannot be hasted, slowed, berserked, paralysed or teleported.
You can dig through walls and to a lower floor.
You have a pair of large antennae on your head. (SInv)
Your four strong arms can wield two-handed weapons with a shield.


Message History

The kobold brigand hits you with a +0 club.
* * * LOW HITPOINT WARNING * * *
There is an open door, spattered with blood here.
Things that are here:
a +0 club; a +0 club; a kobold corpse You closely miss the kobold brigand.
The kobold brigand hits you but does no damage.
You closely miss the kobold brigand. The kobold brigand closely misses you.
You closely miss the kobold brigand.
The kobold brigand hits you with a +0 club.
* * * LOW HITPOINT WARNING * * *
You barely miss the kobold brigand. You block the kobold brigand's attack.
You closely miss the kobold brigand. The kobold brigand barely misses you.
You hit the kobold brigand but do no damage.
The kobold brigand hits you but does no damage.
You sock the kobold brigand!
The kobold brigand is moderately wounded.
The kobold brigand hits you with a +0 club.
* * * LOW HITPOINT WARNING * * *
You hit the kobold brigand.
The kobold brigand is heavily wounded.
The kobold brigand barely misses you.
You closely miss the kobold brigand.
The kobold brigand is heavily wounded.
The kobold brigand hits you with a +0 club.
* * * LOW HITPOINT WARNING * * *
You hit the kobold brigand.
The kobold brigand is heavily wounded.
The kobold brigand hits you with a +0 club.
* * * LOW HITPOINT WARNING * * *
It was a potion of haste.
Your stasis prevents you from being hasted.
You block the kobold brigand's attack.
It was a potion of brilliance.
You feel clever all of a sudden.
The kobold brigand hits you with a +0 club.
* * * LOW HITPOINT WARNING * * *
It was a potion of magic.
Magic courses through your body.
The kobold brigand hits you with a +0 club.
You die...

≈≈≈≈≈≈≈≈~~)).~~##~...≈#
≈≈≈≈≈≈≈≈≈≈~.#.~≈##≈...≈#
≈≈≈≈≈≈≈≈≈≈..#..≈##≈...≈#
≈≈≈≈≈≈≈≈~≈~.#..≈##≈...≈#
≈≈≈≈≈≈≈≈≈...#..~###'''##
≈≈~≈≈~≈~~...#.~≈##.....##
≈#~≈###≈#.####.###..§...#
.....)....≈≈#..)#.....§.+
.........≈≈≈≈...@K§._...+
..........≈≈#..)#.....§.+
{
##≈##≈###.####.###..§...#
~≈~≈≈≈≈≈....#..≈##.....##
≈≈≈≈≈≈≈≈≈≈..#.~≈###+++##
≈≈≈≈≈≈≈≈≈≈..#.~~
≈≈≈≈≈≈≈≈≈≈..#.~
≈≈≈≈≈≈≈≈≈≈~ #.≈


You could see a kobold brigand.

Vanquished Creatures
  A kobold brigand (Sewer)
  A scorpion (D:4)
  An orc priest (D:3)
  An orc wizard (D:3)
  A sleepcap (D:3)
  An iguana (D:4)
  3 adders
  3 river rats (D:4)
  2 shadow imps (Sewer)
  3 ufetubi (Sewer)
  A worm (D:4)
  A dart slug (D:3)
  4 orcs (D:3)
  4 ball pythons
  3 bats
  3 endoplasms
  2 giant cockroaches
  9 goblins
  6 hobgoblins
  11 jackals
  A quokka (D:1)
  A frilled lizard (D:2)
  12 kobolds
  2 kobold zombies (Sewer)
  4 rats
81 creatures vanquished.

Vanquished Creatures (others)
  A kobold zombie (Sewer)
1 creature vanquished.

Grand Total: 82 creatures vanquished

Notes
Turn   | Place    | Note
-------+----------+-------------------------------------------
     0 | D:1      | Ivernyr the Formicid Fighter began the quest for the Orb.
     0 | D:1      | Reached XP level 1. HP: 18/18 MP: 1/1
    53 | D:1      | Reached XP level 2. HP: 22/24 MP: 2/2
   286 | D:1      | Reached XP level 3. HP: 28/29 MP: 3/3
   303 | D:1      | Found a faded altar of an unknown god.
  1296 | D:2      | Reached XP level 4. HP: 36/37 MP: 4/4
  1647 | D:2      | Identified the +5 trident "Pilowkec" {heavy, Contam rF-
                  | Int+8 Stlth+}
  1858 | D:3      | Reached XP level 5. HP: 40/42 MP: 5/5
  1944 | D:3      | Found a sacrificial altar of Ru.
  2018 | D:3      | Found a blossoming altar of Fedhas.
  2066 | D:3      | Reached skill level 5 in Shields
  2232 | D:3      | Found a radiant altar of Vehumet.
  2392 | D:4      | Reached XP level 6. HP: 38/49 MP: 6/6
  2564 | D:4      | Found a glowing drain.
  2574 | Sewer    | Entered a sewer
  2720 | Sewer    | Found a burning altar of Makhleb.
  2744 | Sewer    | Reached XP level 7. HP: 47/55 MP: 7/7
  2804 | Sewer    | HP: 1/55 [kobold brigand/+0 club (3)]
  2805 | Sewer    | Slain by a kobold brigand

Illustrated notes

Levels and vault maps discovered:
D:1:      erik_arrival_cave_to_civilisation [erik_arrival_cave_to_hall],
          layout_basic, dreamdust_ecumenical_altar_statues
D:2:      layout_loops_ring
D:3:      layout_rooms, hangedman_ru_absence, mainiacjoe_overflow_paths,
          overflow_temple_1_default
D:4:      layout_loops_ring, gup_sewer_entry_spiral
Sewer:    kennysheep_sewer_church

Skill      XL: |  1  2  3  4  5 |
---------------+----------------+-----
Staves         | 3 4 |  4.7
Fighting       | 4 |  4.7
Armour         | 4 |  4.6
Shields        | 5 |  5.6

Action                     |  1- 3 |  4- 6 |  7- 9 || total
---------------------------+-------+-------+-------++-------
  Melee: Quarterstaff      |    76 |   190 |    17 ||   283
Ability: Dig               |       |     1 |       ||     1
    Use: Potion            |       |       |     4 ||     4
 Armour: Scale mail        |    30 |    90 |     4 ||   124
  Dodge: Dodged            |    37 |    98 |     9 ||   144
  Block: Buckler           |    24 |    54 |     2 ||    80
